 Dungeon Crawl Stone Soup version 0.26.1-11-gd32895ea62 (webtiles) character file.

Game seed: 17717083368216886199

1987 Zeld the Changer (level 9, 0/58 HPs)
             Began as an Octopode Transmuter on May 27, 2021.
             Was an Initiate of Gozag.
             Slain by Prince Ribbit (19 damage)
             ... on level 7 of the Dungeon.
             The game lasted 00:09:21 (12881 turns).

Zeld the Changer (Octopode Transmuter)             Turns: 12881, Time: 00:09:21

Health: 0/58       AC:  1    Str: 13    XL:     9   Next: 21%
Magic:  18/18      EV: 15    Int: 15    God:    Gozag
Gold:   797        SH:  0    Dex: 12    Spells: 6/21 levels left

rFire    . . .     SeeInvis .     - Unarmed
rCold    + . .     Faith    .   (no shield)
rNeg     . . .     Spirit   .   (helmet restricted)
rPois    .         Reflect  .   (no amulet)
rElec    .         Harm     .   n - ring of protection from cold
rCorr    +         Rampage  .   (no ring)
Will     .....                  (no ring)
Stlth    +++.......             u - ring of resist corrosion
HPRegen  0.19/turn              (no ring)
MPRegen  0.16/turn              (no ring)
                                (no ring)
                                (no ring)

@: no status effects
A: almost no armour, stealthy swim, amphibious, 8 rings, constrict 8, camouflage
1, gelatinous body 1
a: Renounce Religion, Potion Petition, Call Merchant, Bribe Branch


You were on level 7 of the Dungeon.
You worshipped Gozag.
Gozag was pleased with you.
You visited 2 branches of the dungeon, and saw 8 of its levels.
You also visited: Sewer.

You collected 854 gold pieces.
You paid 57 gold pieces to Gozag.

Inventory:

Jewellery
 n - a ring of protection from cold (left tentacle)
 u - a ring of resist corrosion (on tentacle)
Scrolls
 b - 2 scrolls of teleportation
 j - 3 scrolls of amnesia
 k - 5 scrolls of remove curse
 l - 2 scrolls of fear
 r - a scroll of enchant armour
Potions
 a - a potion of resistance {unknown}
 e - 2 potions of brilliance {unknown}
 f - 5 potions of curing {unknown}
 g - 3 potions of flight {unknown}
 h - 2 potions of heal wounds {unknown}
 i - 2 potions of attraction {unknown}
 o - a potion of magic {unknown}
 s - a potion of invisibility {unknown}
 t - 3 potions of lignification {unknown}
 v - a potion of might {unknown}


   Skills:
 + Level 4.0 Fighting
 + Level 4.9 Dodging
 - Level 2.7 Stealth
 - Level 3.0 Unarmed Combat
 * Level 6.5 Spellcasting
 * Level 7.0 Transmutations
 - Level 1.9 Poison Magic


You had 6 spell levels left.
You knew the following spells:

 Your Spells              Type           Power        Failure   Level
a - Beastly Appendage     Tmut           52%          1%          1
b - Wereblood             Tmut           26%          1%          2
c - Spider Form           Tmut/Pois      9%           7%          3
d - Ice Form              Ice/Tmut       15%          32%         4
e - Blade Hands           Tmut           13%          22%         5

Your spell library contained the following spells:

 Spells                   Type           Power        Failure   Level


Dungeon Overview and Level Annotations

Branches:
Dungeon (7/15)             Temple (1/1) D:4           Sewer (visited)

Altars:
Ashenzari
Cheibriados
Dithmenos
Elyvilon
Fedhas
Gozag
Hepliaklqana
Makhleb
Nemelex Xobeh
Okawaru
Qazlal
Ru
Trog
Uskayaw
Vehumet
Wu Jian
Xom
Yredelemnul
Zin
The Shining One

Shops:
D:6 [

Annotations:
D:7 Prince Ribbit


Innate Abilities, Weirdness & Mutations

You cannot wear most types of armour.
You are very stealthy in the water. (Stealth+)
You are amphibious.
You can wear up to eight rings at the same time.
You can use your tentacles to constrict eight enemies at once.
Your skin changes colour to match your surroundings (Stealth+).
Your rubbery body absorbs attacks. (AC +1, EV +1)


Message History

Okay, then.
Prince Ribbit blinks!
There is an open door here.
Prince Ribbit blinks!
Prince Ribbit blinks!
Prince Ribbit blinks!
There is an open door here.
Prince Ribbit hits you!
* * * LOW HITPOINT WARNING * * *
You tentacle-slap Prince Ribbit. You grab Prince Ribbit.
Prince Ribbit is lightly wounded.
You constrict Prince Ribbit. Prince Ribbit closely misses you.
Prince Ribbit hits you but does no damage.
You release your grip on Prince Ribbit.
Prince Ribbit croaks regally.
Prince Ribbit blinks!
There is an open door here.
Prince Ribbit hits you!!
You die...
Your body crumbles into a pile of gold.

########
#########......####
........'......#..#
........#......#..#
........#......'..#
..#######......#F.#
#'###...##.....#@.#
.$$$.....#.....#..#
.........#.....#<.#
#####....#.....#..##
...#.....#...#
..#.....#...#
.#.....#..##
#.....#..# #..#


You could see Prince Ribbit.

Vanquished Creatures
  Menkaure (D:6)
  An orc warrior (D:6)
  A sky beast (D:6)
  A phantom (D:6)
  2 ogres
  A centaur (D:5)
  A big kobold (Sewer)
  3 bullfrogs (D:6)
  A water moccasin zombie (D:4)
  A quasit (D:7)
  3 hounds
  5 orc priests
  3 jellies (D:5)
  4 worker ants
  An iguana (D:4)
  8 orc wizards
  A hound skeleton (D:4)
  4 gnolls (D:3)
  7 adders
  2 river rats (Sewer)
  A shadow imp (D:5)
  A white imp (D:7)
  An ufetubus (D:6)
  6 oozes
  4 worms
  4 leopard geckos
  20 orcs
  4 bats
  14 giant cockroaches
  7 goblins
  11 hobgoblins
  8 jackals
  11 kobolds
  5 frilled lizards
  10 rats
158 creatures vanquished.

Notes
Turn   | Place    | Note
-------+----------+-------------------------------------------
     0 | D:1      | Zeld the Octopode Transmuter began the quest for the Orb.
     0 | D:1      | Reached XP level 1. HP: 13/13 MP: 3/3
   750 | D:2      | Reached XP level 2. HP: 18/18 MP: 3/5
   753 | D:2      | Learned a level 2 spell: Wereblood
  1092 | D:3      | Reached XP level 3. HP: 12/23 MP: 5/7
  1419 | D:3      | Found a glowing drain.
  1444 | Sewer    | Entered a sewer
  1485 | Sewer    | Learned a level 3 spell: Spider Form
  1672 | Sewer    | Noticed a big kobold
  2607 | Sewer    | Killed a big kobold
  2608 | Sewer    | Reached skill level 1 in Stealth
  2608 | Sewer    | Reached skill level 3 in Transmutations
  2608 | Sewer    | Reached XP level 4. HP: 17/28 MP: 6/9
  2608 | Sewer    | Reached XP level 5. HP: 20/33 MP: 6/10
  2624 | Sewer    | Learned a level 4 spell: Ice Form
  2879 | Sewer    | Found a white marble altar of Elyvilon.
  3719 | D:4      | Reached XP level 6. HP: 14/38 MP: 5/11
  3978 | D:4      | Reached skill level 4 in Transmutations
  4001 | D:4      | Reached skill level 1 in Poison Magic
  4459 | D:4      | Reached XP level 7. HP: 17/44 MP: 11/13
  5489 | D:4      | Found a staircase to the Ecumenical Temple.
  5812 | Temple   | Entered the Ecumenical Temple
  5820 | Temple   | Became a worshipper of Gozag Ym Sagoz the Greedy
  6167 | D:3      | HP: 2/45 [poisoned by a gnoll]
  6175 | D:3      | HP: 2/45 [poisoned by a gnoll]
  7008 | D:1      | Learned a level 5 spell: Blade Hands
  7195 | D:2      | Found an iron altar of Okawaru.
  7195 | D:2      | Found a basalt altar of Yredelemnul.
  7473 | D:2      | Reached skill level 5 in Transmutations
  7634 | D:2      | Found a faded altar of an unknown god.
  7696 | D:2      | Found a blossoming altar of Fedhas.
  8734 | D:5      | Entered Level 5 of the Dungeon
  8882 | D:5      | Reached skill level 5 in Spellcasting
  8882 | D:5      | Reached XP level 8. HP: 29/51 MP: 12/15
 11182 | D:6      | Reached skill level 6 in Transmutations
 11368 | D:6      | Found Ezxerhoh's Armour Shoppe.
 12286 | D:6      | Noticed Menkaure
 12293 | D:6      | Killed Menkaure
 12294 | D:6      | Reached XP level 9. HP: 58/58 MP: 12/18
 12687 | D:6      | Found a hide-covered altar of Uskayaw.
 12847 | D:7      | Noticed Prince Ribbit
 12850 | D:7      | Reached skill level 7 in Transmutations
 12881 | D:7      | Slain by Prince Ribbit

Illustrated notes

Levels and vault maps discovered:
D:1:      dpeg_arrival_tiny_d, layout_loops_cross, minmay_misc_feat_ornament,
          minivault_4
D:2:      minmay_inner_zag, layout_basic, grunt_temple_overflow_open,
          lemuel_round_altar, chequers_ecumenical_altar_twisty
D:3:      minmay_roachtagon, layout_basic, cheibrodos_sewer_entry_bend,
          supply_closet_lemuel
D:4:      layout_cave_pods, minmay_temple_entry_butterflies, minmay_quantized
D:5:      layout_basic, serial_curves, eino_curves_03, eino_curves_02,
          grunt_decor_clamped
D:6:      layout_cave_pools, nicolae_overflow_hidden_temple, serial_shops,
          nicolae_shop_crystal, serial_rivers, chequers_serial_rivers_micro_c,
          chequers_serial_rivers_large_a, chequers_serial_rivers_room_b,
          chequers_serial_rivers_micro_c, chequers_serial_rivers_small_3,
          uniq_menkaure
D:7:      minmay_spotlight, layout_gridville, serial_shops, shop, uniq_duvessa,
          uniq_prince_ribbit1
Temple:   eino_temple_rhombus

Skill      XL: |  1  2  3  4  5  6  7  8  9 |
---------------+----------------------------+-----
Spellcasting   | 3 4 5 6 |  6.5
Stealth        | 1 2 |  2.7
Transmutations | 3 4 5 6 7 |  7.0
Poison Magic   | 1 |  1.9
Dodging        | 3 4 |  4.9
Fighting       | 2 3 4 |  4.0
Unarmed Combat | |  3.0

Action                   |  1- 3 |  4- 6 |  7- 9 || total
-------------------------+-------+-------+-------++-------
Melee: Unarmed           |   105 |    98 |   296 ||   499
       Constrict         |    25 |    10 |    39 ||    74
       Tentacles         |    14 |    11 |    25 ||    50
       Kick              |    14 |     1 |    24 ||    39
       Punch             |     1 |     1 |       ||     2
 Cast: Beastly Appendage |    12 |     2 |    23 ||    37
       Spider Form       |     2 |     8 |    22 ||    32
       Wereblood         |     1 |       |       ||     1
       Blade Hands       |       |       |     7 ||     7
  Use: Scroll            |       |       |     7 ||     7
 Stab: Sleeping          |     1 |       |     8 ||     9
Armor: Skin              |    10 |     2 |    17 ||    29
Dodge: Dodged            |    67 |    93 |   264 ||   424
